 Dungeon Crawl Stone Soup version 0.27.0-1-g7a089689b8 (webtiles) character file.

Game seed: 17939619553816355809

0 tilp the Skirmisher (level 1, -1/24 HPs)
             Began as an Ogre Delver on Aug 6, 2021.
             Slain by a gnoll (10 damage)
             ... on level 4 of the Dungeon.
             The game lasted 00:01:14 (98 turns).

tilp the Skirmisher (Ogre Delver)                     Turns: 98, Time: 00:01:14

Health: -1/24      AC:  3    Str: 15    XL:     1   Next: 10%
Magic:  1/1        EV:  9    Int: 11    God:
Gold:   24         SH:  0    Dex: 10    Spells: 0/0 levels left

rFire    . . .     SeeInvis .   a - +1 mace
rCold    . . .     Faith    .   (no shield)
rNeg     . . .     Spirit   .   b - +0 robe
rPois    .         Reflect  .   (helmet restricted)
rElec    .         Harm     .   (no cloak)
rCorr    .         Rampage  .   (gloves unavailable)
Will     .....                  (boots unavailable)
Stlth    ++........             (no amulet)
HPRegen  0.08/turn              (no ring)
MPRegen  0.07/turn              (no ring)

@: no status effects
A: large, unfitting armour, tough skin 1
a: no special abilities


You were on level 4 of the Dungeon.
You visited 1 branch of the dungeon, and saw 2 of its levels.

You collected 24 gold pieces.

Inventory:

Hand Weapons
 a - a +1 mace (weapon)
Missiles
 i - a stone (quivered)
Armour
 b - a +0 robe (worn)
Wands
 g - a wand of digging (3)
Scrolls
 h - a scroll of vulnerability {unknown}
Potions
 f - a potion of haste


   Skills:
 - Level 4.0 Fighting
 + Level 1.8 Maces & Flails
 - Level 1.7 Dodging
 - Level 3.7 Stealth


You couldn't memorise any spells.
You didn't know any spells.
Your spell library contained the following spells:

 Spells                   Type           Power      Damage    Failure   Level
 Apportation              Tloc           0%         N/A       34%         1
 Alistair's Intoxication  Tmut/Pois      0%         N/A       100%        5
 Invisibility             Hex            0%         N/A       100%        6


Dungeon Overview and Level Annotations

Branches:
Dungeon (5/15)
 Temple: D:4-7

Altars:

Shops:
D:5 :


Innate Abilities, Weirdness & Mutations

You are too large for most types of armour.
You have tough skin. (AC +1)


Message History

Okay, then.
As you read the scroll of fog, it crumbles to dust.
The scroll dissolves into smoke.
As you read the scroll of magic mapping, it crumbles to dust.
You feel aware of your surroundings.
A hobgoblin comes into view.
Found 19 arrows.
The hobgoblin shouts!
A hound comes into view.
The hound completely misses you.
Found a scroll labelled SEKLARO WI DAS.
The hound bites you but does no damage. The hound bites you.
The hound completely misses you.
You see here a scroll labelled SEKLARO WI DAS.
c - a scroll labelled SEKLARO WI DAS The hound bites you.
The hound bites you. The hound bites you but does no damage.
The hound bites you. The hound closely misses you.
Okay, then.
Okay, then.
The hound bites you.
As you read the scroll of fear, it crumbles to dust.
You assume a fearsome visage.
The hound looks frightened!
The hobgoblin looks frightened!
The phantom is unaffected.
Cornered, the hound turns to fight!
A gnoll comes into view. It is wielding a +0 spear.
The gnoll shouts!
You hear a shout! x3
A gnoll shaman comes into view. It is wielding a +0 whip.
A gnoll comes into view. It is wielding a +0 halberd.
A gnoll comes into view. It is wielding a +0 flail.
The gnoll hits you with a +0 spear.
* * * LOW HITPOINT WARNING * * *
Unknown command.
As you read the scroll labelled SEKLARO WI DAS, it crumbles to dust.
It is a scroll of enchant weapon.
Your +0 mace glows red for a moment.
The hound misses you. The gnoll hits you with a +0 spear!
You die...

*,,,,**,,,,,,,,,,,,,,,*
*,*****,,,...,,********
*,*****,*,...,** *,,,,,,,**.g.**
**********#.#* #g# #.# #g#
*######## #@#
,.......########h######******
,*#####.....W...........,,,,*****
,*#.....######.....####.,,,,,,,,*
,*#.###.# ##...## *,***,,,,>*
.##.###W# ##.## *,* *,**,,*
....g.g.# #.# *,* *,**,,*
###.##### #.# *,* *,,,,,* #.#
*#+#* *,***,*,,,*


You could see a hound and 3 gnolls.

Vanquished Creatures
  A kobold (D:4)
1 creature vanquished.

Notes
Turn   | Place    | Note
-------+----------+-------------------------------------------
     0 | D:5      | tilp the Ogre Delver began the quest for the Orb.
     0 | D:5      | Reached XP level 1. HP: 24/24 MP: 1/1
     8 | D:5      | Found Pesorch's Book Boutique.
    49 | D:4      | Noticed a phantom
    76 | D:4      | Noticed a hound
    95 | D:4      | Noticed a gnoll shaman
    98 | D:4      | Slain by a gnoll

Illustrated notes

Levels and vault maps discovered:
D:4:      old_forge, layout_loops_corners, uniq_ijyb
D:5:      corexii_shantytown, layout_rooms, serial_shops, shop

Action                   || total
-------------------------++-------
Melee: Mace              ||     1
  Use: Scroll            ||     4
 Stab: Sleeping          ||     1
Armor: Robe              ||     2
Dodge: Dodged            ||     4
